 Dungeon Crawl Stone Soup version 0.31-a0-233-g139696dc86 (webtiles) character file.

Game seed: 2187906470777858903

42 qw the Shooter (level 3, 0/29 HPs)
             Began as a Minotaur Hexslinger on July 7, 2023.
             Slain by Terence
             ... wielding a +1 mace of protection
              (8 damage)
             ... on level 2 of the Dungeon.
             The game lasted 00:00:27 (1044 turns).

qw the Shooter (Minotaur Hexslinger)                Turns: 1044, Time: 00:00:28

Health: 0/29       AC:  2    Str: 12    XL:     3   Next: 35%
Magic:  3/3        EV: 12    Int: 10    God:
Gold:   147        SH:  0    Dex: 14    Spells: 3/4 levels left

rFire   . . .        Y - +1 sling
rCold   . . .        (no shield)
rNeg    . . .        c - +0 robe
rPois   .            (helmet restricted)
rElec   .            (no cloak)
rCorr   .            (no gloves)
SInv    .            (no boots)
Will    .....        (no amulet)
Stlth   +            (no ring)
HPRegen 0.24/turn    (no ring)
MPRegen 0.08/turn

%: no passive effects
@: no status effects
A: horns 2, retaliatory headbutt
a: no special abilities


You were on level 2 of the Dungeon.
You visited 1 branch of the dungeon, and saw 2 of its levels.

You collected 147 gold pieces.


Innate Abilities, Weirdness & Mutations

You have a pair of horns on your head.
You reflexively headbutt those who attack you in melee.


   Skills:
 - Level 2.0 Fighting
 + Level 4.0 Ranged Weapons
 - Level 2.1 Dodging
 - Level 1.0 Spellcasting
 - Level 2.0 Hexes


You had 3 spell levels left.
You knew the following spells:

 Your Spells              Type           Power      Damage    Failure   Level
a - Slow                  Hex            16%        N/A       16%         1

Your spell library contained the following spells:

 Spells                   Type           Power      Damage    Failure   Level
 Inner Flame              Hex/Fire       2%         N/A       56%         3
 Portal Projectile        Hex/Tloc       4%         N/A       56%         3
 Cause Fear               Hex            2%         N/A       83%         4

Inventory:

Hand Weapons
 Y - a +1 sling (weapon)
Armour
 c - a +0 robe (worn)
 f - a +0 ring mail
Scrolls
 a - 2 scrolls of teleportation
 b - a scroll of blinking {unknown}
 e - a scroll of noise {unknown}
Potions
 d - a potion of magic {unknown}

Dungeon Overview and Level Annotations

Branches:
Dungeon (2/15)

Altars:
Uskayaw

Shops:
D:1 (

Annotations:
D:2 Terence


Message History

Enter note:
Enter note:
Enter note: You shoot a sling bullet.
The sling bullet hits Terence.
Terence shouts!
Terence is moderately wounded.
You shoot a sling bullet.
The sling bullet completely misses Terence.
You shoot a sling bullet.
The sling bullet hits Terence but does no damage.
Terence is moderately wounded.
You shoot a sling bullet.
The sling bullet hits Terence but does no damage.
Terence is moderately wounded.
You shoot a sling bullet. The sling bullet barely misses Terence.
You shoot a sling bullet.
The sling bullet hits Terence but does no damage.
Terence is moderately wounded.
Terence shouts, "ATTACK!!!"
Terence misses you. You furiously retaliate!
You headbutt Terence.
Terence hits you with a +1 mace of protection!
You shoot a sling bullet.
The sling bullet closely misses Terence.
Terence hits you with a +1 mace of protection!
You shoot a sling bullet. The sling bullet hits Terence!
Terence is severely wounded.
Terence misses you.
You shoot a sling bullet.
The sling bullet hits Terence but does no damage.
Terence is severely wounded.
Terence completely misses you.
You shoot a sling bullet.
The sling bullet hits Terence but does no damage.
Terence is severely wounded.
Terence hits you with a +1 mace of protection.
You shoot a sling bullet.
The sling bullet hits Terence but does no damage.
Terence is severely wounded.
Terence hits you with a +1 mace of protection!
You die...

.....## ...... .. ####.#
.# ####)### .# .......#
#######%## ####.#.#
#.#......#### ####...###
#.#.......... .........#
#............ .........#
#.#..@@..?#
.........###.##.###..#
.........'...##.# ...
.........###.##.####.##.
.........# #...........
.........# #.##........
.........# #.####.##...
.........# #.# .# #.
.........# #.# ##


You could see Terence.

Vanquished Creatures
  A dart slug (D:1)
  2 bats (D:2)
  4 endoplasms (D:1)
  2 giant cockroaches
  3 hobgoblins
  3 quokkas (D:1)
  3 ball pythons (D:1)
  2 frilled lizards (D:2)
  6 goblins
  3 kobolds (D:1)
  7 rats
36 creatures vanquished.

Notes
Turn   | Place    | Note
-------+----------+-------------------------------------------
     0 | D:1      | qw the Minotaur Hexslinger began the quest for the Orb.
     0 | D:1      | Reached XP level 1. HP: 16/16 MP: 1/1
     0 | D:1      | 0 ||| qw: Version: 0.3-a-46-gb1f654a
     0 | D:1      | 0 ||| qw: Game counter: 3335
     0 | D:1      | 0 ||| qw: Melee chars always use a shield: true
     0 | D:1      | 0 ||| qw: God list: Okawaru
     0 | D:1      | 0 ||| qw: Allow faded altars: false
     0 | D:1      | 0 ||| qw: Do Orc after clearing Dungeon:15 true
     0 | D:1      | 0 ||| qw: Do second Lair branch before Depths: true
     0 | D:1      | 0 ||| qw: Lair rune preference: random
     0 | D:1      | 0 ||| qw: Goals: Normal
     0 | D:1      | 0 ||| PLANNING D:1-11
    51 | D:1      | 51 ||| FLEEEEING.
    60 | D:1      | 60 ||| FLEEEEING.
   189 | D:1      | Reached skill level 3 in Ranged Weapons
   189 | D:1      | Reached XP level 2. HP: 21/23 MP: 2/2
   318 | D:1      | 318 ||| FLEEEEING.
   319 | D:1      | 319 ||| FLEEEEING.
   320 | D:1      | 320 ||| FLEEEEING.
   321 | D:1      | 321 ||| FLEEEEING.
   325 | D:1      | 325 ||| FLEEEEING.
   326 | D:1      | 326 ||| FLEEEEING.
   327 | D:1      | 327 ||| FLEEEEING.
   328 | D:1      | 328 ||| FLEEEEING.
   329 | D:1      | 329 ||| FLEEEEING.
   330 | D:1      | 330 ||| FLEEEEING.
   331 | D:1      | 331 ||| FLEEEEING.
   332 | D:1      | 332 ||| FLEEEEING.
   376 | D:1      | Found Gonog's Weapon Boutique.
   395 | D:1      | 395 ||| SHOPLISTING +8 longbow "Zephyr" {speed, Dex+3 SInv}
                  | (770 gold, have 44).
   626 | D:1      | Found a faded altar of an unknown god.
   628 | D:1      | Reached XP level 3. HP: 29/29 MP: 3/3
   669 | D:1      | 669 ||| READING 2 scrolls labelled UNUBRA SOMI.
   674 | D:1      | 674 ||| READING scroll labelled UVVUVORIME.
   675 | D:1      | 675 ||| READING scroll labelled RYNAICL NYIMY.
   676 | D:1      | 676 ||| DROPPING scroll of poison.
   715 | D:2      | Found a hide-covered altar of Uskayaw.
  1032 | D:2      | Reached skill level 4 in Ranged Weapons
  1033 | D:2      | Noticed Terence
  1044 | D:2      | Slain by Terence

Levels and vault maps discovered:
D:1:      moated_graveyard_arrival, layout_rooms, serial_shops,
          nicolae_shop_window_shopping, ebering_ecumenical_altar_abandoned,
          kennysheep_nondescript, minmay_crystal_room, chequers_jeans,
          minmay_misc_feat_doors
D:2:      layout_basic, basic_altar, uniq_terence

Skill      XL: |  1  2  3 |
---------------+----------+-----
Ranged Weapons | 3 4 |  4.0
Fighting       | 2 |  2.0
Dodging        | |  2.1
Spellcasting   | |  1.0
Hexes          | |  2.0

Action                     || total
---------------------------++-------
   Fire: Sling             ||    99
    Use: Scroll            ||     3
 Armour: Robe              ||     8
  Dodge: Dodged            ||    27

Table legend:
 A = Non-vault XP
 B = Vault XP
 C = Vault XP percentage of total XP
 D = Non-vault monster count
 E = Vault monster count
 F = Vault count percentage of total count
                 A         B        C        D         E       F
            +---------+---------+-------+---------+---------+-------
      Total |      61 |       0 |   0.0 |      36 |       0 |   0.0
            +---------+---------+-------+---------+---------+-------
        D:1 |      43 |       0 |   0.0 |      24 |       0 |   0.0
        D:2 |      18 |       0 |   0.0 |      12 |       0 |   0.0
            +---------+---------+-------+---------+---------+-------
